 Dungeon Crawl Stone Soup version 0.27.0-1-g7a089689b8 (webtiles) character file.

Game seed: 6135500382914117391

5 SnakkuSnakku7 the Caller (level 1, -3/15 HPs)
             Began as a Naga Summoner on Aug 11, 2021.
             Slain by a quokka (4 damage)
             ... on level 1 of the Dungeon.
             The game lasted 00:00:28 (180 turns).

SnakkuSnakku7 the Caller (Naga Summoner)             Turns: 180, Time: 00:00:28

Health: -3/15      AC:  1    Str: 10    XL:     1   Next: 80%
Magic:  3/3        EV:  9    Int: 15    God:
Gold:   15         SH:  0    Dex: 11    Spells: 3/4 levels left

rFire    . . .     SeeInvis +   e - +0 whip
rCold    . . .     Faith    .   (no shield)
rNeg     . . .     Spirit   .   a - +0 robe
rPois    +         Reflect  .   (no helmet)
rElec    .         Harm     .   (no cloak)
rCorr    .         Rampage  .   (no gloves)
Will     .....                  (no barding)
Stlth    ++........             (no amulet)
HPRegen  0.05/turn              (no ring)
MPRegen  0.08/turn              (no ring)

@: very slow
A: AC +0, large, see invisible, deformed body, poison resistance, slowness 2,
spit poison 1, naga tail 1
a: Spit Poison


You were on level 1 of the Dungeon.
You visited 1 branch of the dungeon, and saw 1 of its levels.

You collected 15 gold pieces.

Inventory:

Hand Weapons
 d - a +0 club
 e - a +0 whip (weapon)
Armour
 a - a +0 robe (worn)
Scrolls
 b - a scroll of noise {unknown}
 c - a scroll of blinking {unknown}


   Skills:
 - Level 1.5 Dodging
 - Level 3.0 Stealth
 - Level 2.0 Spellcasting
 + Level 4.3 Summonings


You had 3 spell levels left.
You knew the following spells:

 Your Spells              Type           Power      Damage    Failure   Level
a - Summon Small Mammal   Summ           56%        N/A       3%          1

Your spell library contained the following spells:

 Spells                   Type           Power      Damage    Failure   Level
 Call Imp                 Summ           14%        N/A       6%          2
 Call Canine Familiar     Summ           14%        N/A       12%         3
 Summon Guardian Golem    Hex/Summ       7%         N/A       28%         3
 Summon Lightning Spire   Summ/Air       7%         N/A       67%         4


Dungeon Overview and Level Annotations

Branches:
Dungeon (1/15)

Altars:

Shops:
D:1 ?


Innate Abilities, Weirdness & Mutations

Your serpentine skin is tough. (AC +0)
You have supernaturally acute eyesight. (SInv)
Armour fits poorly on your strangely shaped body.
Your system is resistant to poisons. (rPois)
You cover ground very slowly.
You can spit poison.
You have a snake-like lower body.


Message History

The giant cockroach barely misses you.
You hit the giant cockroach.
The giant cockroach is moderately wounded.
The giant cockroach bites you.
You hit the giant cockroach but do no damage.
The giant cockroach is moderately wounded.
The giant cockroach bites you. x2
You closely miss the giant cockroach.
The great orb of eyes pulsates ominously.
The giant cockroach barely misses you.
The giant cockroach bites you but does no damage.
You hit the giant cockroach.
The giant cockroach is moderately wounded.
The giant cockroach bites you.
You hit the giant cockroach.
You kill the giant cockroach!
There is a faded altar of an unknown god here.
You see here 21 stones.
You see here a +0 whip.
e - a +0 whip
e - a +0 whip (weapon)
You see here 21 stones.
A quokka comes into view.
A quokka is nearby!
A quokka is nearby!
A quokka is nearby!
Press: ? - help, Shift-Dir - straight line, f - quokka
Aim: a quokka (asleep)
The splash of poison hits the quokka but does no damage.
The quokka is poisoned.
Unknown command.
The quokka bites you. x2
* * * LOW HITPOINT WARNING * * *
Found a purple potion.
You closely miss the quokka. The quokka bites you.
* * * LOW HITPOINT WARNING * * *
You closely miss the quokka.
You have got your breath back.
The quokka barely misses you. The quokka bites you.
You die...

#...............#
..
#......_......###
#.............#
##..###(..###..#
#...#G#...#G#.##
#.#.###...###.#
#.#...........#
#.###.#####..###
#.# #...@r......
#.# #..........!
..# #...........
..# #...........
+...........
#...........
#...........
########....


You could see a quokka (poisoned).

Vanquished Creatures
  An endoplasm (D:1)
  A giant cockroach (D:1)
  A hobgoblin (D:1)
3 creatures vanquished.

Vanquished Creatures (collateral kills)
  An endoplasm (D:1)
1 creature vanquished.

Grand Total: 4 creatures vanquished

Notes
Turn   | Place    | Note
-------+----------+-------------------------------------------
     0 | D:1      | SnakkuSnakku7 the Naga Summoner began the quest for the
                  | Orb.
     0 | D:1      | Reached XP level 1. HP: 15/15 MP: 3/3
    14 | D:1      | Found Enuuwynn's Magic Scroll Shoppe.
   142 | D:1      | Noticed a great orb of eyes
   144 | D:1      | Found a faded altar of an unknown god.
   146 | D:1      | Noticed a golden eye
   146 | D:1      | Noticed an eye of devastation
   146 | D:1      | Noticed a shining eye
   180 | D:1      | Slain by a quokka

Illustrated notes

Levels and vault maps discovered:
D:1:      dpeg_arrival_simpleton_c, layout_basic, serial_shops,
          nicolae_shop_window_shopping, shop, shop, nicolae_shop_trees,
          nicolae_shop_trees, hellmonk_ecumenical_altar_watching_god,
          chequers_hall_statues_wall_a

Action                   || total
-------------------------++-------
Melee: Club              ||     8
       Whip              ||     2
       Unarmed           ||     2
 Cast: Summon Small Mamm ||     1
 Abil: Spit Poison       ||     3
Armor: Robe              ||     1
Dodge: Dodged            ||     6
